Map: Lightshade LE

Players

Bakuri - Winner!

  • Race: Zerg Zerg
  • Spawn Location: 11:00

Pumba

  • Race: Zerg Zerg
  • League: Gold
  • Spawn Location: 5:00

VOD

Have the link to the VOD?

Description

Time

  • Played on: Aug. 3, 2021, 7 p.m.
  • Length: 9:46
Show
View Real Time Build Order
Export as new Build Order

Bakuri Zerg - Winner!

Build Orders: Hatch First 

Get SALT Encoding   

  12  0:02  Drone  
  13  0:12  Overlord  
  13  0:17  Drone  
  14  0:30  Drone  
  14  0:31  Drone  
  16  0:35  Drone  
  17  0:51  Hatchery  
  17  0:54  Drone  
  17  0:58  Drone  
  18  1:08  Extractor  
  17  1:12  Spawning Pool  
  17  1:15  Drone  
  17  1:18  Drone  
  18  1:28  Drone  
  19  1:39  Drone  
  20  1:50  Overlord  
  20  2:00  Queen  
  22  2:03  Queen  
  22  2:04  Zergling x4  
  26  2:11  Metabolic Boost  
  26  2:14  Zergling x2  
  27  2:18  Drone  
  27  2:22  Drone  
  29  2:27  Drone  
  30  2:33  Drone  
  31  2:37  Drone  
  32  2:47  Baneling Nest  
  32  2:48  Drone  
  32  2:49  Drone  
  32  2:50  Hatchery  
  32  2:55  Overlord  
  32  3:04  Drone  
  33  3:08  Drone x2  
  35  3:13  Drone  
  35  3:14  Overlord  
  35  3:17  Lair  
  36  3:22  Drone x2  
  38  3:28  Extractor  
  38  3:29  Extractor  
  38  3:30  Drone x3  
  39  3:37  Drone x2  
  40  3:41  Drone x2  
  40  3:45  Drone  
  40  3:46  Drone  
  40  3:47  Drone  
  45  3:49  Drone  
  45  4:00  Baneling x2  
  45  4:06  Queen  
  45  4:07  Extractor  
  45  4:08  Drone x4  
  45  4:09  Zergling x6  
  53  4:13  Drone  
  53  4:22  Drone x3, Spire  
  55  4:26  Zergling x4  
  55  4:30  Overlord  
  57  4:32  Overlord  
  57  4:35  Overlord  
  57  4:44  Drone  
  57  4:45  Overlord x2  
  58  4:48  Baneling x2  
  58  4:53  Zergling x10  
  58  4:54  Zergling x2  
  58  4:55  Zergling x2  
  65  5:06  Zergling x6  
  65  5:07  Zergling x4  
  70  5:10  Drone x2  
  70  5:13  Drone  
  73  5:19  Overseer  
  73  5:24  Overlord  
  73  5:25  Overlord  
  73  5:35  Mutalisk x4  
  73  5:36  Mutalisk x3  
  73  5:41  Drone x3  
  90  5:49  Evolution Chamber  
  87  5:52  Zergling x10  
  87  5:56  Zerg Flyer Weapons Level 1  
  86  6:00  Mutalisk  
  82  6:08  Zergling x4  
  82  6:09  Zergling x12  
  88  6:16  Zerg Melee Weapons Level 1  
  88  6:17  Drone x2  
  90  6:22  Drone x4  
  90  6:23  Drone  
  95  6:28  Drone  
  95  6:29  Drone x5, Extractor  
  95  6:30  Extractor  
  95  6:32  Drone  
  100  6:35  Drone  
  100  6:39  Drone  
  101  6:47  Mutalisk x3  
  101  6:51  Mutalisk x2  
  101  6:52  Overlord  
  111  7:03  Mutalisk  
  111  7:04  Overlord  
  111  7:05  Overlord x2  
  106  7:10  Drone  
  106  7:13  Mutalisk  
  105  7:17  Zergling x10  
  105  7:21  Hatchery  
  105  7:22  Centrifugal Hooks  
  109  7:33  Mutalisk x2  
  114  7:37  Zergling x20  
  123  7:53  Mutalisk x3  
  129  8:01  Zergling x8  
  133  8:06  Hatchery  
  133  8:09  Extractor  
  133  8:11  Drone x3  
  136  8:12  Drone x2  
  136  8:13  Drone, Extractor  
  136  8:19  Overlord x2  
  136  8:21  Overlord  
  136  8:34  Zergling x16  
  140  8:37  Queen  
  146  8:47  Zergling x2  
  146  8:48  Zergling x16  
  155  8:52  Hatchery  
  155  8:53  Baneling x6  
  155  8:54  Baneling x15  
  155  8:55  Baneling  
  154  9:00  Mutalisk x2  
  158  9:03  Zergling x6  
  161  9:12  Overlord x4  
Show
View Real Time Build Order
Export as new Build Order

Pumba Zerg 

Build Orders: Pool First 

Get SALT Encoding   

  12  0:01  Drone  
  13  0:13  Overlord  
  13  0:20  Drone  
  14  0:32  Drone x2  
  16  0:42  Drone  
  17  0:47  Spawning Pool  
  16  0:50  Drone  
  17  1:12  Hatchery  
  16  1:20  Drone  
  16  1:22  Drone x2, Extractor  
  18  1:34  Queen  
  18  1:39  Zergling x2  
  21  1:43  Overlord  
  22  1:54  Drone  
  22  2:14  Queen  
  24  2:18  Drone  
  24  2:19  Drone  
  26  2:28  Drone  
  26  2:29  Drone  
  28  2:34  Drone  
  29  2:37  Metabolic Boost  
  29  2:46  Drone x2  
  31  2:53  Drone x4  
  35  2:58  Overlord  
  34  3:24  Roach Warren  
  33  3:27  Drone x8  
  33  3:28  Overlord x2  
  41  3:37  Queen  
  41  3:50  Zergling x8  
  44  4:04  Extractor  
  44  4:07  Lair, Extractor x2  
  41  4:14  Drone x3  
  40  4:18  Drone x3  
  43  4:40  Drone x2, Hatchery  
  43  4:41  Drone x2  
  43  4:43  Drone  
  47  4:51  Drone x2  
  49  4:53  Overlord  
  49  4:54  Overlord  
  49  5:08  Roach x5  
  49  5:10  Overlord  
  49  5:14  Glial Reconstitution  
  58  5:30  Roach x6  
  70  5:46  Roach x5  
  80  5:51  Hatchery  
  80  5:54  Roach x3  
  73  6:05  Overlord x2  
  73  6:06  Roach x3  
  73  6:07  Roach  
  79  6:13  Spore Crawler  
  79  6:16  Spore Crawler  
  79  6:17  Hydralisk Den  
  76  6:22  Queen  
  78  6:44  Overlord  
  78  6:45  Overlord x2  
  78  6:48  Spore Crawler  
  78  6:51  Spore Crawler  
  75  6:56  Spore Crawler, Drone x3  
  75  6:57  Drone x2  
  75  7:00  Drone  
  74  7:04  Grooved Spines  
  62  7:10  Roach  
  62  7:11  Roach x5  
  62  7:26  Hydralisk x2  
  66  7:30  Hydralisk x2  
  66  7:31  Hydralisk x2  
  74  7:42  Overlord  
  74  7:43  Overlord  
  74  7:54  Hydralisk x5  
  84  8:06  Hydralisk x2  
  88  8:16  Muscular Augments, Overlord  
  88  8:17  Hydralisk  
  88  8:37  Hydralisk x7  
  102  8:52  Roach x3  
  102  8:53  Hydralisk x4  
  116  9:23  Overlord x3  
  116  9:24  Overlord  
Tags
 
Add a new tag
Caveats
  • Supply blocks, unpowered buildings, or Contaminate may cause inaccurate times.
  • Supply counts are checked every 10 seconds.